AoeStats
← Doak

MegaRandom

509601533Analyzed
4v4 RM · 6d ago on Sep 27, 2026· 44m 55s· 8 players
Game mode
Random Map
Map size
Large (8 player)
Population
200
Speed
Normal
Resources
Standard
Victory
Conquest
Starting age
Dark Age
Ending age
Imperial Age
RankedLock teamsTeams togetherTeam positionsShared explorationLock speedFull tech treeHidden civsTurbo modeCheats
Victory
Defeat
🇺🇸 Inca · United States
1454
+12
🇲🇴 Saracens · Macao SAR China
1421
+13
🇪🇸 Franks · Spain
1409
+15
🇬🇧 Burmese · United Kingdom
1401
+14
🇨🇳 Hindustanis · China
1427
-15
🇻🇳 Goths · Vietnam
1371
-14
🇦🇺 Wei · Australia
1346
-13
🇦🇷 Chinese · Argentina
1321
-12
PaRappa56
6:11 Loom
7:41 Loom
9:55 Feudal Age
9:56 Champi Runner
15:13 Fletching
17:05 Town Watch
20:52 Padded Archer Armor
23:03 Double-Bit Axe
27:02 Castle Age
25:44 Gold Mining
25:37 Horse Collar
27:05 Crossbowman
27:41 Bodkin Arrow
28:03 Bow Saw
31:18 Wheelbarrow
31:48 Heated Shot
32:26 Ballistics
35:52 Imperial Age
35:28 Heavy Plow
36:53 Bracer
38:37 Hand Cart
38:33 Arbalester
40:22 Leather Archer Armor
40:50 Thumb Ring
42:45 Ring Archer Armor
44:38 Chemistry
Doak
8:09 Loom
10:36 Feudal Age
MaverickGG1403
10:49 Feudal Age
11:25 Double-Bit Axe
17:06 Castle Age
20:26 Loom
21:28 Bow Saw
22:51 Wheelbarrow
22:04 Town Watch
23:45 Scale Barding Armor
23:51 Forging
25:57 Husbandry
26:56 Chain Barding Armor
32:51 Imperial Age
31:25 Hand Cart
32:00 Iron Casting
31:17 Gold Mining
31:18 Stone Mining
34:10 Plate Barding Armor
34:50 Blast Furnace
33:18 Cavalier
40:28 Paladin
41:51 Conscription
44:37 Fletching
屁屁人
2:11 Loom
10:58 Feudal Age
11:57 Loom
14:55 Forging
16:31 Scale Barding Armor
16:24 Double-Bit Axe
19:20 Horse Collar
22:05 Castle Age
21:17 Bloodlines
25:26 Chain Barding Armor
28:04 Fletching
28:24 Gold Mining
29:58 Town Watch
30:39 Bimaristan
34:05 Husbandry
34:31 Stone Mining
38:05 Imperial Age
38:31 Wheelbarrow
38:54 Iron Casting
38:08 Heavy Camel Rider
39:32 Plate Barding Armor
41:04 Conscription
42:27 Redemption
43:49 Sanctity
45:08 Blast Furnace
44:49 Elite Mameluke
Silver_Storm
7:22 Loom
10:36 Feudal Age
11:55 Double-Bit Axe
16:05 Horse Collar
20:27 Castle Age
19:48 Bloodlines
19:46 Scale Barding Armor
20:43 Forging
20:41 Pikeman
21:21 Squires
21:48 Bow Saw
23:38 Husbandry
26:35 Wheelbarrow
26:50 Iron Casting
26:33 Gold Mining
27:57 Heavy Plow
29:37 Chain Barding Armor
34:32 Hand Cart
40:01 Imperial Age
38:21 Stone Mining
39:08 Gold Shaft Mining
41:51 Conscription
43:22 Blast Furnace
Hodor
0:56 Loom
10:28 Feudal Age
11:41 Double-Bit Axe
14:25 Horse Collar
18:50 Wheelbarrow
18:28 Gold Mining
22:08 Castle Age
20:02 Fishing Lines
22:56 Gillnets
24:32 Medium Warships
24:58 Fletching
30:19 Imperial Age
28:12 Fletching
28:23 Padded Archer Armor
28:39 Town Watch
29:41 Bodkin Arrow
30:05 Leather Archer Armor
32:12 Bracer
32:44 Ring Archer Armor
32:42 Ballistics
36:38 Chemistry
37:37 Murder Holes
41:51 Bombard Tower
41:29 Crossbowman
42:15 Thumb Ring
42:31 Arbalester
Ren
9:05 Loom
10:51 Feudal Age
14:48 Castle Age
13:11 Double-Bit Axe
14:17 Horse Collar
15:16 Gold Mining
16:07 Bow Saw
16:57 Scale Barding Armor
16:57 Loom
20:26 Bloodlines
22:34 Forging
24:01 Wheelbarrow
26:30 Stone Mining
28:06 Gold Shaft Mining
28:16 Husbandry
31:36 Imperial Age
30:16 Iron Casting
30:07 Heavy Plow
30:43 Sanctity
31:17 Chain Barding Armor
33:21 Plate Barding Armor
32:10 Heavy Camel Rider
36:20 Hand Cart
36:39 Conscription
38:23 Onager
41:34 Imperial Camel Rider
43:46 Chemistry
43:07 Ballistics
bina
3:20 Loom
12:49 Feudal Age
14:59 Double-Bit Axe
15:31 Fletching
23:14 Horse Collar
24:38 Padded Archer Armor
30:06 Castle Age
28:19 Gold Mining
30:16 Scale Mail Armor
30:16 Crossbowman
32:22 Elite Skirmisher
Connection lost

Rejoining the realm…

Still unreachable

The connection could not be restored.

Session expired

The server has moved on; the page needs a fresh start.